 Dungeon Crawl Stone Soup version 0.27-a0-1557-g57f10a385c (webtiles) character file.

Game seed: 1276166987850439037

2422 senseless the Firebug (level 9, -2/100 HPs)
             Began as a Demonspawn Fire Elementalist on July 13, 2021.
             Was an Initiate of Makhleb.
             Slain by a hornet (4 damage)
             ... on level 7 of the Dungeon on July 15, 2021.
             The game lasted 00:36:07 (10779 turns).

senseless the Firebug (DsFE)                       Turns: 10779, Time: 00:36:09

Health: -2/100     AC: 24    Str:  8    XL:     9   Next: 24%
Magic:  7/16       EV:  2    Int: 19    God:    Makhleb [......]
Gold:   282        SH:  0    Dex: 15    Spells: 9/17 levels left

rFire    . . .     SeeInvis .   a - +4 whip
rCold    . . .     Faith    .   (no shield)
rNeg     + + +     Spirit   .   (armour currently unavailable)
rPois    +         Reflect  .   (helmet currently unavailable)
rElec    .         Harm     .   (cloak currently unavailable)
rCorr    .         Rampage  .   (gloves currently unavailable)
Will     .....     NoTele   +   (boots currently unavailable)
Stlth    ++........             (no amulet)
HPRegen  0.26/turn              (no ring)
MPRegen  0.15/turn              (no ring)

@: tree-form, slowed, very slow
A: stationary, stasis, torment immunity, boosted hp, (antennae 2), demonic
guardian 2, (sanguine armour 2)
a: Renounce Religion


You were on level 7 of the Dungeon.
You worshipped Makhleb.
Makhleb was noncommittal.
You were a tree.
You visited 2 branches of the dungeon, and saw 8 of its levels.

You collected 282 gold pieces.

Inventory:

Hand Weapons
 a - a +4 whip (weapon)
 o - a +1 antimagic short sword
Missiles
 m - 4 boomerangs of dispersal
Armour
 c - a +2 hat (melded)
 p - a +2 cloak of stealth (melded)
 q - a scarf of repulsion
 z - a +2 robe (melded)
Magical Staves
 b - a staff of conjuration
Wands
 g - a wand of charming (5)
 s - a wand of acid (5)
 u - a wand of iceblast (16)
 w - a wand of mindburst (14)
Scrolls
 f - 2 scrolls of magic mapping
 l - a scroll of enchant armour
Potions
 d - a potion of resistance
 e - a potion of curing {unknown}
 i - 2 potions of brilliance
 j - 2 potions of berserk rage
 n - 2 potions of magic
 r - a potion of lignification
 t - a potion of might {unknown}
 A - a potion of flight {unknown}


   Skills:
 + Level 4.8 Fighting
 - Level 3.1 Short Blades
 + Level 2.8 Maces & Flails
 + Level 4.9 Dodging
 - Level 2.0 Stealth
 + Level 4.9 Spellcasting
 + Level 4.9 Conjurations
 + Level 5.4 Fire Magic


You had 9 spell levels left.
You knew the following spells:

 Your Spells              Type           Power      Damage    Failure   Level
a - Foxfire               Conj/Fire      96%        2x1d8     1%          1
b - Fireball              Conj/Fire      12%        3d7       38%         5
c - Static Discharge      Conj/Air       14%        N/A       7%          2

Your spell library contained the following spells:

 Spells                   Type           Power      Damage    Failure   Level
 Conjure Flame            Conj/Fire      24%        6-21      4%          3
 Inner Flame              Hex/Fire       15%        N/A       12%         3
 Summon Small Mammal      Summ           16%        N/A       13%         1
 Sticky Flame             Conj/Fire      24%        2d5       14%         4
 Ensorcelled Hibernation  Hex/Ice        8%         N/A       19%         2
 Spider Form              Tmut/Pois      2%         N/A       36%         3
 Airstrike                Air            2%         N/A       77%         4
 Animate Dead             Necr           2%         N/A       77%         4
 Dispel Undead            Necr           4%         3d7       77%         4
 Summon Lightning Spire   Summ/Air       4%         N/A       77%         4
 Lightning Bolt           Conj/Air       7%         1d19      77%         5
 Borgnjor's Vile Clutch   Necr/Erth      2%         N/A       98%         5
 Death Channel            Necr           2%         N/A       100%        6
 Shadow Creatures         Summ           N/A        N/A       100%        6
 Storm Form               Tmut/Air       2%         N/A       100%        7
 Maxwell's Capacitive Co  Air            2%         ∞         100%        8


Dungeon Overview and Level Annotations

Branches:
Dungeon (7/15)             Temple (1/1) D:7

Altars:
Ashenzari
Cheibriados
Dithmenos
Fedhas
Gozag
Hepliaklqana
Kikubaaqudgha
Makhleb
Nemelex Xobeh
Okawaru
Qazlal
Ru
Trog
Vehumet
Wu Jian
Xom
Yredelemnul
Zin
The Shining One

Shops:
D:5 *


Innate Abilities, Weirdness & Mutations

You are a tree.
Your roots penetrate the ground, keeping you stationary.
You cannot be teleported.
You are immune to unholy pain and torment.
Your maximum health is greatly increased.
Your equipment is partially melded.
((You have a pair of antennae on your head.))
A demonic guardian rushes to your aid.
((When seriously injured, your bleeding wounds create thick armour. (AC +0)))


Message History

The hornet is lightly wounded.
The hornet barely misses you. The killer bee closely misses you.
The foxfire hits the killer bee.
The killer bee is heavily wounded.
The hornet closely misses you.
You hit the hornet but do no damage.
The hornet is lightly wounded.
You feel sick. The killer bee closely misses you. x2
The hornet closely misses you. The killer bee barely misses you.
The hornet stings you but does no damage.
You miss the hornet.
The hornet is lightly wounded.
You feel sick. The killer bee barely misses you.
The killer bee stings you but does no damage.
The hornet barely misses you. The killer bee closely misses you.
The hornet stings you!
* * * LOW HITPOINT WARNING * * *
You feel as though you will be slow longer.
You miss the hornet.
The hornet is lightly wounded.
You feel sick. The killer bee completely misses you. The killer bee misses you.
The hornet stings you but does no damage.
The killer bee barely misses you. The hornet stings you!
* * * LOW HITPOINT WARNING * * *
A demonic guardian appears!
You feel as though you will be slow longer.
It was a potion of lignification.
You turn into a tree.
Your +2 cloak of stealth melds into your body.
Your +2 hat melds into your body.
Your +2 robe melds into your body.
You feel less stealthy.
Your roots penetrate the ground.
Your blood armour dries and flakes away.
You feel sick.
You are no longer poisoned.
The killer bee stings you but does no damage.
The hornet stings you!
* * * LOW HITPOINT WARNING * * *
The killer bee stings you but does no damage.
Your hellwing hits the hornet but does no damage.
Your hellwing hits the hornet. The hornet stings you.
You die...

......##....#......##.#
...(...#.......#...##..
....#.................#
........#...#.8.8.8..#
#......##..#.⌠.⌠.⌠.[.
#.........#........#
##......#......>.##..
...#......##...........#
.......♣..#............#
......yy4...........#...
#...##!†............#...
... #..................
#. #............(.....
..?.......##.#.#. .
...........# ...#.......


You could see a hornet (ally target), a killer bee and a friendly hellwing
(summoned).

Vanquished Creatures
  Sigmund (D:4)
  An acid dragon (D:5)
  A black bear (D:6)
  4 ogres
  2 necrophages
  2 centaurs
  A phantom (D:6)
  A wyvern zombie (D:6)
  Dowan (D:4)
  3 killer bees (D:7)
  3 centaur zombies
  A bullfrog skeleton (D:6)
  A jelly (D:5)
  A gnoll shaman (D:5)
  2 hounds
  Crazy Yiuf (D:4)
  An iguana (D:5)
  6 orc wizards
  A killer bee zombie (D:7)
  A howler monkey zombie (D:5)
  6 gnolls
  5 adders
  A white imp (D:6)
  An ufetubus (D:6)
  An adder zombie (D:5)
  4 dart slugs
  22 orcs
  7 bats
  An endoplasm (D:1)
  3 giant cockroaches
  5 goblins
  5 hobgoblins (D:2)
  4 jackals (D:2)
  3 quokkas
  2 ball pythons
  4 frilled lizards
  3 kobolds
  4 rats
116 creatures vanquished.

Vanquished Creatures (collateral kills)
  A troll (D:6)
  A wraith (D:5)
  Duvessa (D:4)
  Ijyb (D:5)
  A scorpion zombie (D:5)
  Natasha (D:2)
  An adder (D:3)
  A gnoll (D:4)
  An orc (D:6)
  8 foxfires (D:3)
17 creatures vanquished.

Vanquished Creatures (others)
  577 foxfires
  A withered plant (D:4)
578 creatures vanquished.

Grand Total: 711 creatures vanquished

Notes
Turn   | Place    | Note
-------+----------+-------------------------------------------
     0 | D:1      | senseless the Demonspawn Fire Elementalist began the quest
                  | for the Orb.
     0 | D:1      | Reached XP level 1. HP: 13/13 MP: 3/3
   269 | D:1      | Reached skill level 3 in Fire Magic
   269 | D:1      | Gained mutation: When seriously injured, your bleeding
                  | wounds create armour. (AC +0) [demonic ancestry]
   269 | D:1      | Reached XP level 2. HP: 17/19 MP: 0/5
  1562 | D:2      | Gained mutation: A weak demonic guardian rushes to your
                  | aid. [demonic ancestry]
  1562 | D:2      | Reached XP level 3. HP: 14/25 MP: 0/6
  3017 | D:3      | Reached skill level 1 in Fighting
  3173 | D:3      | Gained mutation: When seriously injured, your bleeding
                  | wounds create thick armour. (AC +0) [demonic ancestry]
  3173 | D:3      | Reached XP level 4. HP: 32/32 MP: 2/7
  3225 | D:3      | Reached skill level 1 in Short Blades
  3363 | D:3      | Noticed Natasha
  3386 | D:2      | Killed Natasha
  3822 | D:3      | Found a faded altar of an unknown god.
  3827 | D:3      | Got Plato's Catalogue of Summoning
  4263 | D:4      | Reached XP level 5. HP: 37/37 MP: 3/8
  4445 | D:4      | Noticed Dowan
  4616 | D:4      | Found a broken altar of Ashenzari.
  4619 | D:4      | Noticed Sigmund
  4632 | D:4      | Killed Sigmund
  4633 | D:4      | Gained mutation: A demonic guardian rushes to your aid.
                  | [demonic ancestry]
  4633 | D:4      | Reached XP level 6. HP: 27/44 MP: 0/10
  5037 | D:4      | Killed Dowan
  5465 | D:4      | Noticed Duvessa
  5487 | D:5      | Entered Level 5 of the Dungeon
  5855 | D:5      | Noticed a wraith
  5923 | D:4      | Found a runed translucent door.
  5924 | D:4      | Noticed Crazy Yiuf
  6082 | D:4      | Found a blossoming altar of Fedhas.
  6083 | D:4      | Found an ancient bone altar of Kikubaaqudgha.
  6228 | D:4      | Found a hazy altar of Hepliaklqana.
  6319 | D:4      | Killed Duvessa
  6320 | D:4      | Reached skill level 4 in Fire Magic
  6320 | D:4      | Reached XP level 7. HP: 39/51 MP: 0/12
  6419 | D:4      | Found an opulent altar of Gozag.
  6497 | D:4      | Killed Crazy Yiuf
  7118 | D:5      | Found Niabomm's General Store.
  7554 | D:5      | Upgraded the game from 0.27-a0-1548-gf8a67e7463 to
                  | 0.27-a0-1557-g57f10a385c
  7560 | D:5      | Learned a level 5 spell: Fireball
  7651 | D:5      | Noticed Ijyb
  7661 | D:5      | Killed Ijyb
  8121 | D:5      | Found a bloodstained altar of Trog.
  8442 | D:5      | Gained mutation: You have a pair of small antennae on your
                  | head. [demonic ancestry]
  8442 | D:5      | Reached XP level 8. HP: 50/58 MP: 4/13
  8573 | D:5      | HP: 2/58 [wraith (5)]
  8574 | D:5      | Reached skill level 1 in Maces & Flails
  8852 | D:6      | Identified a scroll of acquirement
  8852 | D:6      | Acquired a staff of conjuration
  9391 | D:6      | Reached skill level 5 in Fire Magic
  9779 | D:6      | Noticed a troll
  9799 | D:6      | Killed a troll
 10009 | D:6      | Gained mutation: You have a pair of antennae on your head.
                  | [demonic ancestry]
 10009 | D:6      | Reached XP level 9. HP: 66/66 MP: 16/16
 10374 | D:6      | Learned a level 2 spell: Static Discharge
 10546 | D:7      | Found a staircase to the Ecumenical Temple.
 10555 | Temple   | Entered the Ecumenical Temple
 10734 | Temple   | Became a worshipper of Makhleb the Destroyer
 10779 | D:7      | HP: 2/100 [hornet (7)]
 10779 | D:7      | Slain by a hornet

Illustrated notes

Levels and vault maps discovered:
D:1:      lightli_arrival_statuegarden, layout_basic, roderic_lattice_a,
          grunt_decor_mini_mirrors
D:2:      layout_basic
D:3:      layout_basic, shapermc_ecumenical_altar_rom_forum, uniq_natasha
D:4:      layout_rooms, nicolae_hepliaklqana_hippocampus,
          mainiacjoe_overflow_alcove_2, cheibrodos_ashenzari_chains,
          grunt_temple_overflow_growth_and_decay, uniq_sigmund, uniq_duvessa,
          uniq_crazy_yiuf_cottage
D:5:      kennysheep_six_static_rooms, layout_cave_pools,
          mainiacjoe_overflow_catwalk, serial_shops, nicolae_shop_stone,
          uniq_ijyb
D:6:      cheibrodos_barr_body, layout_rooms, chequers_mini_garden
D:7:      layout_cave_pools, nicolae_elyvilon_peaceful_grove,
          nicolae_sif_muna_condensation, minmay_temple_entry_drinking_statues
Temple:   dshaligram_water_room_temple

Skill      XL: |  1  2  3  4  5  6  7  8 |
---------------+-------------------------+-----
Stealth        | 2 |  2.0
Fire Magic     | 3 4 5 |  5.4
Dodging        | 2 3 4 |  4.9
Fighting       | 1 2 3 4 |  4.8
Short Blades   | 1 2 3 |  3.1
Conjurations   | 2 3 4 |  4.9
Spellcasting   | 3 4 |  4.9
Maces & Flails | 2 |  2.8

Action                   |  1- 3 |  4- 6 |  7- 9 || total
-------------------------+-------+-------+-------++-------
Melee: Short sword       |    34 |    28 |    97 ||   159
       Whip              |       |       |   128 ||   128
 Cast: Foxfire           |   118 |    90 |   157 ||   365
       Fireball          |       |       |     2 ||     2
Evoke: Wand              |       |       |     1 ||     1
  Use: Potion            |       |     2 |     1 ||     3
       Scroll            |       |       |    12 ||    12
 Stab: Sleeping          |     1 |       |       ||     1
       Distracted        |       |       |     3 ||     3
Armor: Robe              |    11 |    21 |   144 ||   176
       Skin              |       |       |     2 ||     2
Dodge: Dodged            |    30 |    38 |   241 ||   309

Table legend: (Time is in decaauts)
 A = Elapsed time spent in this place.
 B = Non-inter-level travel time spent in this place.
 C = Inter-level travel time spent in this place.
 D = Time resting spent in this place.
 E = Time spent auto-exploring this place.
 F = Levels seen in this place.
 G = Mean time per level.
                   A        B        C        D        E       F      G
               +--------+--------+--------+--------+--------+-----+--------+
         Total |  10847 |  10222 |    625 |   2122 |   6648 |   8 | 1355.9 |
       Dungeon |  10651 |  10146 |    505 |   2122 |   6575 |   7 | 1521.6 |
        Temple |    195 |     75 |    120 |      0 |     73 |   1 |  195.0 |
               +--------+--------+--------+--------+--------+-----+--------+

Top non-repeatable levels by time:
     D:3: 2228 daAuts
     D:5: 1996 daAuts
     D:4: 1856 daAuts
     D:2: 1717 daAuts
     D:6: 1362 daAuts
     D:1: 1282 daAuts
     D:7: 208 daAuts
  Temple: 195 daAuts
